 Dungeon Crawl Stone Soup version 0.19-a0-1613-g7c9bbd0 (webtiles) character file.

289 DevlanMud the Chopper (level 6, 0/52 HPs)
             Began as a Hill Orc Monk on Sept 17, 2016.
             Killed by nerve-wracking pain
             ... invoked by Grinder
              (8 damage)
             ... while paralysed by Grinder
             ... on level 5 of the Dungeon.
             The game lasted 00:13:57 (4798 turns).

DevlanMud the Chopper (Hill Orc Monk)               Turns: 4798, Time: 00:13:57

Health: 0/52       AC:  6    Str: 16    XL:     6   Next: 31%
Magic:  6/6        EV:  2    Int: 10    God:
Gold:   72         SH:  0    Dex: 18    Spells: 0 memorised, 5 levels left

rFire  . . .     SeeInvis .     a - +1 hand axe
rCold  . . .     Gourm    .     o - +0 ring mail
rNeg   . . .     Faith    .     k - +1 large shield
rPois  .         Spirit   .     (no helmet)
rElec  .         Dismiss  .     t - +0 cloak (curse)
rCorr  .         Reflect  .     (no gloves)
MR     .....     Harm     .     (no boots)
Stlth  ++........               (no amulet)
                                (no ring)
                                (no ring)

@: paralysed, agile
A: no striking features
a: no special abilities


You were on level 5 of the Dungeon.
You were not hungry.

You visited 1 branch of the dungeon, and saw 5 of its levels.

You collected 72 gold pieces.

Inventory:

Hand Weapons
 a - a +1 hand axe (weapon)
Armour
 k - a +1 large shield (worn)
 n - a +0 chain mail
 o - a +0 ring mail (worn)
 t - a cursed +0 cloak (worn)
Scrolls
 j - 3 scrolls of remove curse
 p - 2 scrolls of enchant armour
Potions
 b - a potion of lignification
 e - a potion of curing
 f - a potion of resistance
 h - a potion of berserk rage {unknown}
 i - a potion of cure mutation {unknown}
 s - a potion of cancellation {unknown}
 v - a potion of haste {unknown}
Books
 r - a book of the Tempests

   Spells                             Type                      Level
   a - Static Discharge               Conjuration/Air              3
   b - Lightning Bolt                 Conjuration/Air              5
   c - Fireball                       Conjuration/Fire             5
   d - Tornado                        Air                          9
   e - Shatter                        Earth                        9
Comestibles
 c - 4 bread rations
 g - a beef jerky
 m - a meat ration
 q - a slice of pizza


   Skills:
 + Level 4.3 Fighting
 * Level 7.1 Axes
 + Level 1.6 Armour
 + Level 2.9 Dodging
 - Level 1.5 Stealth
 + Level 2.4 Shields


You had 5 spell levels left.
You didn't know any spells.

Dungeon Overview and Level Annotations

Branches:
Dungeon (5/15)
 Temple: D:4-7

Altars:
Gozag

Annotations:
D:5 Grinder


Message History

Grinder is moderately wounded.
Grinder closely misses you.
You closely miss Grinder.
Grinder is moderately wounded.
Grinder gestures at you.
You barely resist. You hit Grinder.
Grinder is heavily wounded.
Grinder closely misses you. Grinder gestures at you.
You suddenly lose the ability to move!
Grinder hits you!
You writhe in agony.
Grinder hits you. Grinder hits you.
* * * LOW HITPOINT WARNING * * *
You writhe in agony.
* * * LOW HITPOINT WARNING * * *
Grinder gestures at you. Pain shoots through your body!
You die...

#..#### ###
##.....####..
##..###..##........
#....#..#######....
##......## ..
#.....).##
.........##
.........5##
.........@.#
...........#
............#
.............#
.............#
............#
............
............#
............#


You could see Grinder.

Vanquished Creatures
  A scorpion (D:5)
  A bullfrog skeleton (D:4)
  An orc wizard (D:4)
  A hound skeleton (D:4)
  5 adders
  An ooze (D:4)
  3 worms
  4 dart slugs
  8 orcs
  8 bats
  3 giant cockroaches
  7 goblins
  5 hobgoblins
  19 jackals
  8 frilled lizards
  6 kobolds
  19 rats
100 creatures vanquished.

Notes
Turn   | Place    | Note
-------+----------+-------------------------------------------
     0 | D:1      | DevlanMud the Hill Orc Monk began the quest for the Orb.
     0 | D:1      | Reached XP level 1. HP: 19/19 MP: 1/1
   445 | D:1      | Reached XP level 2. HP: 23/27 MP: 2/2
   926 | D:1      | Reached XP level 3. HP: 33/33 MP: 3/3
  1346 | D:2      | Reached skill level 5 in Axes
  1632 | D:2      | Reached XP level 4. HP: 40/40 MP: 4/4
  1725 | D:2      | Found an opulent altar of Gozag.
  2617 | D:3      | Reached skill level 1 in Shields
  3141 | D:3      | Reached XP level 5. HP: 46/46 MP: 5/5
  3429 | D:3      | Reached skill level 6 in Axes
  4002 | D:4      | Reached skill level 1 in Armour
  4190 | D:4      | Reached XP level 6. HP: 7/52 MP: 6/6
  4655 | D:5      | Entered Level 5 of the Dungeon
  4663 | D:5      | Reached skill level 7 in Axes
  4774 | D:5      | Noticed Grinder
  4776 | D:5      | Paralysed by Grinder for 5 turns
  4786 | D:5      | Paralysed by Grinder for 2 turns
  4794 | D:5      | Paralysed by Grinder for 7 turns
  4798 | D:5      | Killed from afar by Grinder

Vault maps used:
D:1:      mrwooster_arrival_arrow, minmay_rat_gold_closets
D:2:      nicolae_overflow_crystal_walls, nicolae_overflow_hidden_temple
D:3:      first_bread, kennysheep_generic_room_16
D:4:      lemuel_castle_with_subvaults, minmay_shop_grid_forest, uniq_sigmund,
          uniq_duvessa
D:5:      serial_shops, kennysheep_mini, uniq_grinder, uniq_crazy_yiuf_cottage

Skill      XL: |  1  2  3  4  5  6 |
---------------+-------------------+-----
Fighting       | 4 |  4.3
Axes           | 5 6 7 |  7.1
Shields        | 1 2 |  2.4
Armour         | 1 |  1.6
Dodging        | |  2.9
Stealth        | |  1.5

Action                   |  1- 3 |  4- 6 || total
-------------------------+-------+-------++-------
Melee: Hand axe          |   164 |   293 ||   457
  Use: Scroll            |     3 |     8 ||    11
       Potion            |       |     2 ||     2
 Stab: Sleeping          |     5 |       ||     5
  Eat: Chunk             |     3 |    10 ||    13
Armor: Robe              |    23 |       ||    23
       Chain mail        |    27 |    20 ||    47
       Ring mail         |       |    61 ||    61
Dodge: Dodged            |    54 |    52 ||   106
Block: Large shield      |    57 |   171 ||   228
